 Dungeon Crawl Stone Soup version 0.28-a0-653-g7e9dba17c3 (webtiles) character file.

Game seed: 14399053830859002158

27 blank1 the Skirmisher (level 2, -1/27 HPs)
             Began as a Minotaur Fighter on Oct 11, 2021.
             Slain by an orc (2 damage)
             ... on level 2 of the Dungeon.
             The game lasted 00:01:33 (851 turns).

blank1 the Skirmisher (Minotaur Fighter)             Turns: 851, Time: 00:01:34

Health: -1/27      AC: 11    Str: 20    XL:     2   Next: 93%
Magic:  1/1        EV:  6    Int:  5    God:
Gold:   76         SH:  4    Dex:  9    Spells: 1/1 levels left

rFire   . . .      SeeInvis .   a - +0 flail
rCold   . . .      Faith    .   c - +0 buckler
rNeg    . . .      Spirit   .   e - +0 plate armour
rPois   .          Reflect  .   (helmet restricted)
rElec   .          Harm     .   (no cloak)
rCorr   .          Rampage  .   (no gloves)
Will    .....                   (no boots)
Stlth   ..........              (no amulet)
HPRegen 0.09/turn               (no ring)
MPRegen 0.07/turn               (no ring)

@: no status effects
A: horns 2, retaliatory headbutt
a: no special abilities


You were on level 2 of the Dungeon.
You visited 1 branch of the dungeon, and saw 2 of its levels.

You collected 76 gold pieces.

Inventory:

Hand Weapons
 a - a +0 flail (weapon)
Armour
 c - a +0 buckler (worn)
 e - a +0 plate armour (worn)
Potions
 d - 2 potions of might
 f - a potion of brilliance {unknown}
 g - a potion of flight {unknown}


   Skills:
 + Level 4.1 Fighting
 + Level 3.0 Maces & Flails
 - Level 4.0 Armour
 - Level 4.0 Shields


You had one spell level left.
You didn't know any spells.
Your spell library contained the following spells:

 Spells                   Type           Power      Damage    Failure   Level
 Scorch                   Fire           0%         2d5       100%        2
 Flame Wave               Conj/Fire      0%         3d3       100%        4
 Summon Cactus Giant      Summ           0%         N/A       100%        6


Dungeon Overview and Level Annotations

Branches:
Dungeon (2/15)

Altars:


Innate Abilities, Weirdness & Mutations

You have a pair of horns on your head.
You reflexively headbutt those who attack you in melee.


Message History

You now have 76 gold pieces (gained 15).
You stumble into a teleport trap!
You are suddenly yanked towards some nearby monsters!
Your surroundings suddenly seem different. 4 orcs, an orc priest and an orc wizard come into view.
Found 14 gold pieces.
The orc priest shouts!
The orc shouts! x4
You see here 8 gold pieces.
Okay, then.
You hit the orc priest.
The orc priest is moderately wounded.
The orc priest hits you but does no damage.
You closely miss the orc priest. Your headbutt misses the orc priest.
The orc priest is moderately wounded.
The orc priest calls down the wrath of Beogh upon you.
Beogh smites you!
Ouch! That really hurt!
You block the orc's attack.
You sock the orc priest! Your headbutt misses the orc priest.
The orc priest is almost dead.
The orc barely misses you. You furiously retaliate!
You headbutt the orc!
You kill the orc!
The orc priest invokes the aid of Beogh against you.
Pain shoots through your body!
* * * LOW HITPOINT WARNING * * *
The orc hits you but does no damage.
Unknown command.
As you read the scroll labelled CUWEBA TUM IWNES, it crumbles to dust.
You feel aware of your surroundings.
It was a scroll of magic mapping.
The orc priest casts a cantrip, but nothing happens.
The orc barely misses you.
Unknown command.
You thump the orc priest!
You kill the orc priest!
The orc hits you but does no damage.
The orc wizard gestures at you while chanting.
You resist with significant effort. The orc closely misses you.
You furiously retaliate!
You headbutt the orc, but do no damage. The orc hits you with a +0 mace.
You die...

*,***********,,,******,,,,,** *,*
*,,,,,,,,,,,,,,,,* *,**
**,,,******,,,,,** *,,* **,**
**,,,** **,* *,## **,** *,*
****,.###** *,* *,* **,,,,...,,**
*,* *,* *,,*#####*,,* *,* *,***
*,**#@⌠$#**,* *,***** *,*,**
*,*#ooo..#*,***,,,,,*
####.,,,****,#..o....#,**,,,**,*
.....,,,,,,+,#.8...8.#,,,,,,,*,*
,***,,,,,***,#.......#,**,,,**,**
,* *,*,*,* *,#.......#,**,,,,,,,,
,* *,***,* *,#.......#,**,**,,,*,
,* *,,,,,* *,#.8...8.#,**,**,***,
,* ****,,* *,*,,,,,,,*,**,**,* *,


You could see an orc wizard and 3 orcs.

Vanquished Creatures
  An orc priest (D:2)
  A dart slug (D:1)
  An orc (D:2)
  2 ball pythons (D:1)
  2 endoplasms (D:1)
  A giant cockroach (D:1)
  2 goblins
  4 hobgoblins (D:1)
  2 kobolds (D:1)
  A quokka (D:1)
  4 bats
  A rat (D:1)
22 creatures vanquished.

Notes
Turn   | Place    | Note
-------+----------+-------------------------------------------
     0 | D:1      | blank1 the Minotaur Fighter began the quest for the Orb.
     0 | D:1      | Reached XP level 1. HP: 19/19 MP: 0/0
    42 | D:1      | You fall into a shaft and drop 1 floor!
   251 | D:1      | Reached XP level 2. HP: 27/27 MP: 1/1
   440 | D:1      | Found a faded altar of an unknown god.
   849 | D:2      | HP: 1/27 [orc priest/nerve-wracking pain (11)]
   851 | D:2      | Slain by an orc

Illustrated notes

Levels and vault maps discovered:
D:1:      ncdulo_smallfort, layout_loops_ring, basic_ecumenical_altar,
          hangedman_abyss_or_decor_lesser_grid, minmay_quantized
D:2:      cheibrodos_pilgrimage, layout_loops_corners,
          chequers_serial_rivers_micro_a

Skill      XL: |  1  2 |
---------------+-------+-----
Fighting       | 4 |  4.1
Shields        | 4 |  4.0
Armour         | 4 |  4.0
Maces & Flails | 3 |  3.0

Action                   || total
-------------------------++-------
Melee: Flail             ||    31
       Headbutt          ||     4
  Use: Scroll            ||     1
Armor: Plate armour      ||    17
       Scale mail        ||     1
Dodge: Dodged            ||     9
Block: Buckler           ||     6

Table legend: (Time is in decaauts)
 A = Elapsed time spent in this place.
 B = Non-inter-level travel time spent in this place.
 C = Inter-level travel time spent in this place.
 D = Time resting spent in this place.
 E = Time spent auto-exploring this place.
 F = Levels seen in this place.
 G = Mean time per level.
                   A        B        C        D        E       F      G
               +--------+--------+--------+--------+--------+-----+--------+
         Total |    860 |    817 |     43 |      0 |    681 |   2 |  430.0 |
       Dungeon |    860 |    817 |     43 |      0 |    681 |   2 |  430.0 |
               +--------+--------+--------+--------+--------+-----+--------+

Top non-repeatable levels by time:
     D:1: 769 daAuts
     D:2: 90 daAuts
